Unix NetHack Version 3.7.0-71 Work-in-progress - last build Jan 31 2023 02:41:03 (7ba98a1283f2b7cec35fde026edb48fc825ab8ae,branch:master). Game began 2023-02-10 20:14:54, ended 2023-09-16 19:19:45. HarmathZsolt, neutral female human Tourist #--------- ------- ------- #|........### |.....-# |.....| #|.......| ####-.....|# |.....| # #...[.....# ###|.....|# |.....| --------- #|.......|# #|.....|# |.....| --------- |........#######---------# #|.....|# |.....| ###%#..@.....| |.......| # # -----.-# |>.....######%# |.......| |........###### ## # # --|---- |.......| |.......| ## # ###########`#`#############........| |........### # #### ## #### |.......| ---.----- # # # ### --------- # ## # # # # ##---.- ## # # # #|...| # ---------|------ ### #-...| # |..............| ---------.- |...| ##-..............| |.........| |...| |..............| |.........| |...|#######...............| ----------- -----# ---------------- # HarmathZsolt the Traveler St:25 Dx:18 Co:18 In:16 Wi:15 Ch:11 Neutral S:426840 Dlvl:1 $:0 HP:220(220) Pw:97(97) AC:-23 Xp:16/331338 T:76449 Fly Latest messages: (For instructions type a '?') You materialize in a different location! You fly up the stairs. Where do you want to travel to? (For instructions type a '?') The rothe misses! The rothe misses! The rothe misses! You kill the rothe! You hit the invisible black light! The invisible black light explodes! You are caught in a blast of kaleidoscopic light! You are freaked out. What do you want to use or apply? [d-fim-qsuxHLTVXY or ?*] u Everything looks SO boring now. Where do you want to travel to? (For instructions type a '?') You fly up the stairs. Where do you want to travel to? (For instructions type a '?') You hit the lizard! The lizard misses! You kill the lizard! Where do you want to travel to? (For instructions type a '?') You fly up the stairs. Where do you want to travel to? (For instructions type a '?') You fly up the stairs. Where do you want to travel to? (For instructions type a '?') You fly up the stairs. Where do you want to travel to? (For instructions type a '?') You kill the rothe! Where do you want to travel to? (For instructions type a '?') You hit the gnome king! The gnome king swings his aklys. The gnome king just misses! You kill the gnome king! Where do you want to travel to? (For instructions type a '?') You destroy the elf zombie! Beware, there will be no return! Still climb? [yn] (n) y Do you want your possessions identified? [ynq] (y) y Do you want to see your attributes? [ynq] (y) y Do you want an account of creatures vanquished? [ynaq] (y) y Do you want to see your conduct and achievements? [ynq] (y) y Do you want to see the dungeon overview? [ynq] (y) y Inventory: Amulets h - an uncursed amulet of flying (being worn) Weapons c - 2 +0 elven daggers (at the ready) b - the blessed rustproof +6 Vorpal Blade (weapon in hand) g - the blessed +7 Werebane (alternate weapon; not wielded) Armor D - an uncursed greased +0 dwarvish iron helm named identified (being worn) E - a blessed greased +3 pair of gauntlets of power named identified (being worn) F - an uncursed greased +0 pair of speed boots named identified (being worn) G - a blessed greased +1 shield of reflection (being worn) C - a blessed greased +0 cloak of protection (being worn) A - a blessed +1 Hawaiian shirt with a jellyfish motif named identified (being worn) B - a blessed +1 gray dragon scale mail (being worn) Z - an uncursed +0 set of silver dragon scales Comestibles I - 2 uncursed bananas W - an uncursed fortune cookie y - an uncursed sprig of wolfsbane S - 2 uncursed tripe rations P - a blessed homemade tin of tengu meat R - an uncursed egg z - an uncursed lichen corpse j - an uncursed lizard corpse Scrolls J - an uncursed scroll of fire v - an uncursed scroll of teleportation Rings w - an uncursed ring of sustain ability (on right hand) k - an uncursed ring of teleport control (on left hand) Wands i - a wand of digging (0:0) q - a wand of fire (0:6) H - a wand of teleportation (0:2) Tools x - a blessed greased bag of holding containing 91 items X - an uncursed bag of holding containing 1 item d - an uncursed oilskin sack containing 3 items Y - an empty uncursed sack o - the Bell of Opening (0:3) L - a blessed brass lantern f - an uncursed leash T - an uncursed magic whistle p - the blessed Platinum Yendorian Express Card m - a cursed skeleton key n - an uncursed stethoscope e - a blessed tin opener s - an uncursed towel u - a blessed +0 unicorn horn Gems/Stones N - an uncursed amethyst stone l - a blessed luckstone V - a blessed touchstone Contents of the oilskin sack: a blessed scroll of remove curse a potion of holy water a cursed wand of cancellation (0:4) Contents of the bag of holding: 4578 gold pieces an uncursed amulet of magical breathing a blessed +0 bullwhip an uncursed greased +0 pair of levitation boots named identified an uncursed greased +0 mummy wrapping named identified an uncursed +0 oilskin cloak named identified a cursed apple 3 uncursed food rations an uncursed tripe ration a blessed tin of chameleon meat a blessed tin of floating eye meat a blessed tin of frost giant meat a blessed tin of frost giant meat a blessed tin of hill giant meat 2 uncursed tins of pyrolisk meat a blessed tin of quantum mechanic meat a blessed tin of storm giant meat an uncursed lizard corpse 2 uncursed lizard corpses an uncursed scroll of blank paper an uncursed scroll of earth an uncursed scroll of enchant armor an uncursed scroll of enchant weapon 3 uncursed scrolls of magic mapping a blessed scroll of remove curse 2 blessed scrolls of scare monster 4 blessed scrolls of scare monster an uncursed scroll of teleportation 2 uncursed potions of extra healing an uncursed potion of gain energy 3 potions of holy water an uncursed +1 ring of adornment an uncursed ring of conflict an uncursed ring of free action an uncursed ring of levitation an uncursed ring of polymorph control an uncursed ring of protection from shape changers an uncursed ring of regeneration an uncursed ring of searching a wand of cold (0:3) a wand of create monster (0:0) a wand of create monster (0:0) a wand of death (0:3) a wand of enlightenment (0:11) a wand of lightning (0:2) a wand of lightning (0:1) a wand of magic missile (0:2) a wand of make invisible (0:4) a wand of polymorph (0:1) a wand of probing (0:5) a wand of secret door detection (0:11) a wand of sleep (0:5) a wand of sleep (0:0) a wand of speed monster (0:8) a wand of speed monster (0:6) a wand of striking (0:0) a blessed wand of teleportation (0:6) a wand of undead turning (0:3) a wand of wishing (0:1) a bag of tricks (1:0) an uncursed bugle an uncursed bugle an uncursed bugle an uncursed bugle an uncursed bugle an uncursed tooled horn a can of grease (0:14) a crystal ball (0:3) an expensive camera (0:82) a blessed +7 pick-axe an uncursed skeleton key an uncursed tallow candle a blessed tinning kit (1:49) a +0 unicorn horn a +0 unicorn horn 4 uncursed wax candles 2 uncursed agate stones an uncursed amethyst stone 2 uncursed aquamarine stones an uncursed black opal an uncursed chrysoberyl stone 4 uncursed citrine stones 8 uncursed fluorite stones 4 uncursed garnet stones a blessed jade stone 3 uncursed jasper stones 4 uncursed obsidian stones 3 uncursed opals 3 uncursed sapphires an uncursed sapphire an uncursed turquoise stone Contents of the bag of holding: an uncursed black opal HarmathZsolt the Tourist's attributes: Background: You were a Traveler, a level 16 female human Tourist. You were neutral, on a mission for The Lady who was opposed by Blind Io (lawful) and Offler (chaotic). You were in the Dungeons of Doom, on level 1. You entered the dungeon 76449 turns ago. There was a new moon in effect when your adventure ended. You had 331338 experience points, 308662 more were needed to attain level 17. Your score was 426840 before end-of-game adjustments. Basics: You had all 220 hit points. You had all 97 energy points (spell power). Your armor class was -23. Your wallet was empty, but you had 4578 zorkmids stashed away in your pack. Autopickup was off. Final Characteristics: Your strength was 25 (base:18/17, innate limit:18/100). Your dexterity was 18 (limit:18). Your constitution was 18 (limit:18). Your intelligence was 16 (limit:18). Your wisdom was 15 (limit:18). Your charisma was 11 (limit:18). Final Status: You were flying. You were not hungry. You were unencumbered. You were wielding a long sword. You had basic skill with long sword. Final Attributes: You were the Envoy of Balance. You were piously aligned. You were magic-protected. You were fire resistant. You were cold resistant. You were sleep resistant. You were shock resistant. You were poison resistant. You saw invisible. You were telepathic. You had automatic searching. You were invisible to others. You were stealthy. You could teleport. You had teleport control. You had a moderate defense bonus (+9). You were protected. You took half spell damage. You were very fast. You had reflection. You had fixed abilities. You were extremely lucky. You had extra luck. Good luck did not time out for you. You survived. Miscellaneous: You encountered 3 bones levels. Total elapsed playing time was 23 hours, 32 minutes and 35 seconds. Major events: Turn 1: HarmathZsolt the neutral female human Tourist entered the dungeon 1727: attained the rank of Sightseer (level 3) 4313: was bestowed with Cleaver by The Lady 4371: entered the Gnomish Mines 4821: was bestowed with Werebane by The Lady 5902: attained the rank of Excursionist (level 6) 9150: reached Mine Town 11217: destroyed Bartlem's ghost, the former Fighter 22164: attained the rank of Peregrinatrix (level 10) 26902: entered Sokoban 30961: completed 1st Sokoban level 31426: completed 2nd Sokoban level 31807: completed 3rd Sokoban level 32680: completed 4th Sokoban level 33077: acquired the Sokoban bag of holding 34511: acquired the Mines' End luckstone 41048: destroyed desertgreg's ghost, the former Reconnoiteress 41049: found Grimtooth on the floor 48190: killed Medusa 57111: became The Lady's Envoy of Balance 57111: was bestowed with Vorpal Blade 63175: attained the rank of Traveler (level 14) 66586: stole 621 zorkmids worth of merchandise from Bordeyri's general store 71207: found the Platinum Yendorian Express Card on the floor 71223: killed the Master of Thieves 71224: acquired the Bell of Opening 72348: was bestowed with Dragonbane by The Lady 76449: escaped Vanquished creatures: a mastodon Medusa 2 krakens the Master of Thieves a storm giant 2 glass golems 2 purple worms a gray dragon 3 gold dragons a silver dragon an orange dragon a blue dragon 3 yellow dragons 2 minotaurs 2 baluchitheria an Angel 3 demiliches 2 stone golems 3 Olog-hai 2 trappers a baby orange dragon a disenchanter 6 shopkeepers 5 captains a lich 3 nurses 4 frost giants an ettin 4 golden nagas 3 vampires 8 lieutenants 2 watch captains 15 ghosts a winged gargoyle 2 mind flayers 7 giant mimics 4 long worms a zruty 2 fire giants 2 ogre tyrants 3 ice trolls 5 rock trolls 2 umber hulks 4 flesh golems 6 elven monarchs 2 bone devils 13 large mimics a wumpus 3 couatls 6 stalkers 4 air elementals 4 fire elementals 2 earth elementals 2 water elementals 4 hill giants a giant mummy a black naga 5 xorns 5 giant zombies 6 elf-nobles 26 sergeants a water demon a barbed devil 14 wargs 3 winter wolves 18 small mimics 3 glass piercers 6 warhorses 6 xans 4 ettin mummies 5 ogre leaders 3 quantum mechanics 5 trolls a wood golem 3 mariliths 4 sharks 5 gelatinous cubes 3 pyrolisks 5 large dogs 3 freezing spheres 2 flaming spheres 5 shocking spheres 5 large cats 8 tigers 5 gargoyles 2 dwarf rulers 9 tengu an ochre jelly 8 leocrottas 2 energy vortices 2 mountain centaurs 11 stone giants 4 elf mummies a human mummy 4 red nagas 4 pythons a pit viper 3 cobras 17 wraiths 7 carnivorous apes 8 ettin zombies 3 leather golems 4 Grey-elves 115 soldiers 6 watchmen 6 amorous demons 5 chameleons 5 crocodiles 14 giant beetles 8 quivering blobs 17 cockatrices 31 wolves 12 winter wolf cubs 2 lynxes 3 panthers 2 gremlins 2 spotted jellies 14 leprechauns 6 orc-captains 6 iron piercers 2 mumakil 100 giant spiders 2 scorpions 11 horses 4 ice vortices 7 black lights 7 vampire bats 22 forest centaurs 8 gnome rulers 3 orc mummies 8 dwarf mummies 6 ogres 9 brown puddings 8 rust monsters 9 owlbears 15 yetis 5 gold golems 9 werewolves 2 Green-elves 2 piranha 7 giant eels 27 lizards a chickatrice 2 dingoes 6 dogs 4 housecats 8 jaguars 7 dwarf leaders 3 blue jellies 10 white unicorns 8 gray unicorns 9 black unicorns 9 dust vortices 47 ravens 9 plains centaurs 4 Kop Kaptains 6 gnome mummies 9 snakes 7 water moccasins 14 apes 5 human zombies 4 rope golems 17 Woodland-elves 10 soldier ants 8 fire ants 11 bugbears 3 imps 6 quasits 8 wood nymphs 14 water nymphs 8 mountain nymphs 11 Mordor orcs 31 Uruk-hai 6 orc shamans 19 rock piercers 8 rock moles 13 ponies 9 fog clouds 13 yellow lights 9 shriekers 5 violet fungi 26 gnome leaders 10 gnomish wizards 3 Kop Lieutenants 7 kobold mummies a red naga hatchling a black naga hatchling 9 gray oozes 4 barrow wights 11 elf zombies 6 ghouls 4 straw golems 4 paper golems 2 jellyfish 41 giant ants 2 little dogs 30 floating eyes 5 kittens 33 dwarves 11 homunculi 4 kobold leaders 5 kobold shamans 64 hill orcs 40 rothes 3 rabid rats 7 centipedes 7 giant bats 7 monkeys 9 orc zombies 23 dwarf zombies 4 wererats 3 werejackals 19 iguanas 25 killer bees 14 acid blobs 5 coyotes 4 gas spores 14 hobbits 29 manes 6 large kobolds 17 hobgoblins 19 giant rats 15 cave spiders 7 brown molds 7 yellow molds 5 green molds 4 red molds 60 gnomes 23 Keystone Kops 11 garter snakes 6 gnome zombies 18 geckos 38 jackals 4 foxes 6 kobolds 13 goblins 23 sewer rats 29 grid bugs 6 bats 23 lichens 9 kobold zombies 30 newts 2205 creatures vanquished. No species were genocided or became extinct. Voluntary challenges: You read items or engraved 61 times. You never engraved Elbereth. You never genocided any monsters. You never changed form. You used no wishes. You did not violate any of the special Sokoban rules. Achievements: You attained the rank of Sightseer. You entered the Gnomish Mines. You entered a shop. You attained the rank of Excursionist. You entered Minetown. You entered a temple. You attained the rank of Peregrinatrix. You entered Sokoban. You completed Sokoban. You completed the Gnomish Mines. You defeated Medusa. You learned the tune to open and close the Castle's drawbridge. You attained the rank of Traveler. You had the Bell of Opening. The Dungeons of Doom: levels 1 to 29 Level 1: <- You left from here. Level 2: An altar to The Lady. Stairs down to The Gnomish Mines. Level 3: A general store. Level 4: Final resting place for kanto-Val-Dwa-Fem-Law, killed by an invisible demilich. Level 5: Level 6: Level 7: Level 8: "watery level" A throne. Level 9: Oracle of Delphi. Level 10: An altar to The Lady. Stairs up to Sokoban, level 9. Level 11: Level 12: Level 13: A general store. Level 14: Level 15: Level 16: Portal to The Quest. Level 17: Level 18: A primitive area. Level 19: Final resting place for desertgreg-Ran-Orc-Fem-Cha, killed by a baluchitherium. Level 20: A throne. Level 21: An untended shop, a fountain, a sink. Level 22: A temple. Level 23: Level 24: An altar to The Lady, a fountain. Level 25: Some fountains. Level 26: A fountain, many trees. Level 27: Level 28: Level 29: A throne, a fountain. The castle (play notes "CDDBG" to open or close drawbridge). The Gnomish Mines: levels 3 to 10 Level 3: Level 4: Level 5: Level 6: Many shops, a temple, some fountains, some trees. Level 7: Final resting place for Bartlem-Val-Hum-Fem-Law, killed by an owlbear, WizzyTheWeird-Wiz-Hum-Mal-Neu, killed by a panther, while praying. Level 8: Level 9: Level 10: The Quest: levels 1 to 5 Level 1: A throne. Completed quest for Twoflower. Level 2: Level 3: Some shops, many graves. Level 4: Level 5: Some shops, some graves. Sokoban: levels 9 up to 6 Level 6: Solved. Level 7: Solved. Level 8: Solved. Level 9: Solved. Aloha HarmathZsolt the Tourist... You escaped from the dungeon with 512190 points, Vorpal Blade (worth 4000 zorkmids and 10000 points) Werebane (worth 1500 zorkmids and 3750 points) The Bell of Opening (worth 5000 zorkmids and 12500 points) The Platinum Yendorian Express Card (worth 7000 zorkmids and 17500 points) 8 fluorite stones (worth 3200 zorkmids), 4 sapphires (worth 12000 zorkmids), 4 citrine stones (worth 6000 zorkmids), 4 garnet stones (worth 2800 zorkmids), 4 obsidian stones (worth 800 zorkmids), 3 opals (worth 2400 zorkmids), 3 jasper stones (worth 1500 zorkmids), 2 black opals (worth 5000 zorkmids), 2 aquamarine stones (worth 3000 zorkmids), 2 amethyst stones (worth 1200 zorkmids), 2 agate stones (worth 400 zorkmids), 1 turquoise stone (worth 2000 zorkmids), 1 chrysoberyl stone (worth 700 zorkmids), 1 jade stone (worth 300 zorkmids), 1 amulet of magical breathing (worth 150 zorkmids), 1 amulet of flying (worth 150 zorkmids), and 4578 pieces of gold, after 76449 moves. You were level 16 with a maximum of 220 hit points when you escaped.